 Dungeon Crawl Stone Soup version 0.29-a0-317-gd16b76e6b1 (webtiles) character file.

Game seed: 12576376610089653466

1004 Ijustatesigmund the Grave Robber (level 8, 0/66 HPs)
             Began as a Deep Elf Necromancer on Apr 1, 2022.
             Slain by Eustachio
             ... wielding a +4 vorpal falchion
              (10 damage)
             ... on level 5 of the Dungeon.
             The game lasted 00:17:26 (8887 turns).

Ijustatesigmund the Grave Robber (DENe)             Turns: 8887, Time: 00:17:26

Health: 0/66       AC:  3    Str:  5    XL:     8   Next: 0%
Magic:  19/19      EV: 14    Int: 23    God:
Gold:   115        SH:  0    Dex: 15    Spells: 12/19 levels left

rFire   . . .      SeeInvis .   d - +0 rapier (venom)
rCold   . . .      Faith    .   (no shield)
rNeg    + . .      Spirit   .   a - +1 robe
rPois   .          Reflect  .   (no helmet)
rElec   .          Harm     .   (no cloak)
rCorr   .          Rampage  .   (no gloves)
Will    .....                   (no boots)
Stlth   ..........              (no amulet)
HPRegen 0.21/turn               g - ring of positive energy
MPRegen 0.16/turn               (no ring)

@: berserking, about to teleport, very quick
A: no striking features
a: no special abilities


You were on level 5 of the Dungeon.
You visited 2 branches of the dungeon, and saw 6 of its levels.

You collected 255 gold pieces.
You spent 140 gold pieces at shops.

Inventory:

Hand Weapons
 d - a +0 rapier of venom (weapon)
Missiles
 f - 6 poisoned darts
 p - a throwing net
Armour
 a - a +1 robe (worn)
Magical Staves
 e - a staff of earth
Jewellery
 g - a ring of positive energy (left hand)
Wands
 s - a wand of flame (11)
Scrolls
 n - a scroll of amnesia
 o - a scroll of teleportation
Potions
 b - a potion of magic
 c - 2 potions of mutation
 h - a potion of invisibility
 i - a potion of brilliance
 j - 2 potions of might {unknown}
 k - 2 potions of degeneration {unknown}
 l - a potion of resistance {unknown}
 m - a potion of berserk rage
 r - 2 potions of curing {unknown}
 t - a potion of ambrosia {unknown}
 u - a potion of attraction {unknown}


   Skills:
 - Level 1.6 Fighting
 + Level 2.9 Short Blades
 + Level 5.2 Dodging
 - Level 2.4 Stealth
 - Level 6.0 Spellcasting
 + Level 2.9 Conjurations
 - Level 7.2 Necromancy
 + Level 2.6 Air Magic


You had 12 spell levels left.
You knew the following spells:

 Your Spells              Type           Power      Damage    Failure   Level
a - Pain                  Necr           100%       1d9       1%          1
b - Animate Skeleton      Necr           80%        N/A       1%          1
c - Animate Dead          Necr           20%        N/A       4%          4
d - Shock                 Conj/Air       76%        1d7       2%          1

Your spell library contained the following spells:

 Spells                   Type           Power      Damage    Failure   Level
 Vampiric Draining        Necr           40%        2d8       1%          3
 Swiftness                Air            18%        N/A       9%          3
 Agony                    Necr           40%        N/A       12%         5
 Tukima's Dance           Hex            6%         N/A       26%         3
 Airstrike                Air            9%         N/A       28%         4
 Passage of Golubria      Tloc           6%         N/A       63%         4
 Yara's Violent Unravell  Hex/Tmut       3%         3d4       93%         5


Dungeon Overview and Level Annotations

Branches:
Dungeon (5/15)             Temple (1/1) D:4

Altars:
Cheibriados
Dithmenos
Elyvilon
Fedhas
Gozag
Hepliaklqana
Kikubaaqudgha
Makhleb
Nemelex Xobeh
Okawaru
Qazlal
Sif Muna
Trog
Uskayaw
Vehumet
Xom
Yredelemnul
Zin
The Shining One

Shops:
D:2 (

Annotations:
D:5 Eustachio


Message History

The shadow imp is heavily wounded.
You puncture the shadow imp!
You kill the shadow imp!
The shadow imp disappears in a puff of smoke!
The ufetubus misses you. The ufetubus closely misses you.
You hit the ufetubus but do no damage.
The ufetubus is poisoned.
The ufetubus barely misses you. x2
You barely miss the ufetubus.
The ufetubus is moderately wounded.
The ufetubus hits you. The ufetubus closely misses you. x2
The ufetubus hits you but does no damage.
You puncture the ufetubus!
You kill the ufetubus!
The ufetubus disappears in a puff of smoke!
The bat hits you but does no damage. The bat closely misses you.
You hit the bat.
You kill the bat!
The bat's corpse disappears in a puff of smoke!
You miss something. Something hits you.
You closely miss something. Something hits you!
* * * LOW HITPOINT WARNING * * *
x2 You feel much better.
You hear some strange, mumbled words.
As you read the scroll of teleportation, it crumbles to dust.
You feel strangely unstable. The shadow imp misses you. Something hits you!
* * * LOW HITPOINT WARNING * * *
x2 It was a potion of berserk rage.
A red film seems to cover your vision as you go berserk!
You feel yourself moving faster!
You feel mighty! The shadow imp gestures at you.
You struggle to resist.
You hear some strange, mumbled words.
You miss something. You miss something. The shadow imp hits you.
* * * LOW HITPOINT WARNING * * *
You hear some strange, mumbled words.
You closely miss something. The shadow imp closely misses you.
Something hits you!
You die...

#### ..... ###... .......
........########################
.... #.......b5{@5.............#
#........####################.##
......... #.....<......#
#......r. #.#.#####.#.## ......$
#.#....##.#.# .##....
#.####.##.#.# #....
#.####.##.#.# .....
#.#.......#.# #.##.#....#.#


You could see a shadow imp (summoned), an ufetubus (summoned) and a bat
(summoned).

Vanquished Creatures
  Sigmund (D:5)
  An ice beast (D:4)
  An ogre (D:4)
  4 scorpions
  A vampire bat (D:3)
  2 hounds (D:5)
  A gnoll shaman (D:3)
  An iguana (D:4)
  An orc wizard (D:3)
  10 gnolls
  3 adders
  An ufetubus (D:4)
  2 worms
  3 dart slugs
  6 orcs
  4 bats
  4 bat skeletons (D:3)
  A bat zombie (D:3)
  9 endoplasms
  6 giant cockroaches
  13 goblins
  10 hobgoblins
  2 jackals (D:4)
  8 kobolds
  4 quokkas
  6 ball pythons
  3 frilled lizards
  5 rats
113 creatures vanquished.

Vanquished Creatures (collateral kills)
  An adder (D:2)
1 creature vanquished.

Vanquished Creatures (others)
  7 plants (D:2)
7 creatures vanquished.

Grand Total: 121 creatures vanquished

Notes
Turn   | Place    | Note
-------+----------+-------------------------------------------
     0 | D:1      | Ijustatesigmund the Deep Elf Necromancer began the quest
                  | for the Orb.
     0 | D:1      | Reached XP level 1. HP: 10/10 MP: 6/6
    98 | D:1      | Reached skill level 5 in Necromancy
   644 | D:1      | Reached XP level 2. HP: 12/15 MP: 5/8
  1487 | D:2      | Found a faded altar of an unknown god.
  1548 | D:2      | Reached XP level 3. HP: 12/19 MP: 8/10
  1791 | D:2      | Found Fanwiharr's Antique Weapon Shoppe.
  1799 | D:2      | Learned a level 1 spell: Animate Skeleton
  2654 | D:2      | Reached skill level 6 in Necromancy
  2697 | D:2      | Reached XP level 4. HP: 22/24 MP: 9/12
  3143 | D:2      | Reached skill level 1 in Fighting
  4368 | D:3      | Noticed a scorpion
  4371 | D:3      | Killed a scorpion
  4372 | D:3      | Reached skill level 5 in Spellcasting
  4372 | D:3      | Reached XP level 5. HP: 27/30 MP: 9/14
  4510 | D:3      | Found an ancient bone altar of Kikubaaqudgha.
  4876 | D:3      | Reached XP level 6. HP: 11/35 MP: 9/16
  5380 | D:3      | Reached skill level 7 in Necromancy
  5385 | D:3      | Learned a level 4 spell: Animate Dead
  5620 | D:2      | Bought a runed rapier for 140 gold pieces
  6134 | D:4      | Found a staircase to the Ecumenical Temple.
  6144 | Temple   | Entered the Ecumenical Temple
  6655 | D:4      | Reached skill level 1 in Short Blades
  6828 | D:4      | Learned a level 1 spell: Shock
  7014 | D:4      | Reached XP level 7. HP: 11/39 MP: 12/18
  7345 | D:4      | Reached skill level 1 in Conjurations
  7356 | D:4      | Reached skill level 1 in Air Magic
  7587 | D:4      | Found a glowing golden altar of the Shining One.
  7590 | D:4      | Found a shadowy altar of Dithmenos.
  7594 | D:4      | Found a burning altar of Makhleb.
  7594 | D:4      | Found a blossoming altar of Fedhas.
  7594 | D:4      | Found a sparkling altar of Nemelex Xobeh.
  7594 | D:4      | Found a stormy altar of Qazlal.
  7596 | D:4      | Found an opulent altar of Gozag.
  7597 | D:4      | Found a hazy altar of Hepliaklqana.
  7598 | D:4      | Found a hide-covered altar of Uskayaw.
  7628 | D:5      | Entered Level 5 of the Dungeon
  7857 | D:5      | Noticed Sigmund
  7861 | D:5      | Killed Sigmund
  8000 | D:5      | Reached skill level 5 in Dodging
  8734 | D:5      | Reached XP level 8. HP: 35/44 MP: 14/19
  8840 | D:5      | Noticed Eustachio
  8887 | D:5      | Slain by Eustachio

Illustrated notes

Levels and vault maps discovered:
D:1:      elethiomel_arrival_maze, layout_basic
D:2:      cheibrodos_greedy_goblins, layout_basic,
          ebering_ecumenical_altar_webs, serial_shops, nicolae_shop_crystal,
          guppyfry_early_lair_pool
D:3:      layout_loops_ring, kennysheep_vampire_church
D:4:      layout_cave_pools, minitemple, minmay_temple_entry_mini_moons,
          minmay_mini_jars
D:5:      layout_basic, serial_shops, shop, uniq_eustachio, uniq_pikel,
          uniq_sigmund
Temple:   nicolae_temple_figure_zero

Skill      XL: |  1  2  3  4  5  6  7 |
---------------+----------------------+-----
Necromancy     | 5 6 7 |  7.2
Spellcasting   | 4 5 6 |  6.0
Fighting       | 1 |  1.6
Dodging        | 3 4 5 |  5.2
Short Blades   | 1 2 |  2.9
Conjurations   | 2 |  2.9
Air Magic      | 2 |  2.6
Stealth        | |  2.4

Action                   |  1- 3 |  4- 6 |  7- 9 || total
-------------------------+-------+-------+-------++-------
Melee: Spear             |     5 |    21 |       ||    26
       Rapier            |       |     7 |    14 ||    21
 Cast: Pain              |    59 |   144 |    70 ||   273
       Animate Skeleton  |     1 |       |       ||     1
       Animate Dead      |       |     2 |       ||     2
       Shock             |       |       |     4 ||     4
Evoke: Wand              |       |       |     3 ||     3
  Use: Scroll            |    12 |     3 |     2 ||    17
       Potion            |       |     1 |     5 ||     6
Armor: Robe              |     4 |    24 |     9 ||    37
Dodge: Dodged            |     9 |    57 |    35 ||   101

Table legend: (Time is in decaauts)
 A = Elapsed time spent in this place.
 B = Non-inter-level travel time spent in this place.
 C = Inter-level travel time spent in this place.
 D = Time resting spent in this place.
 E = Time spent auto-exploring this place.
 F = Levels seen in this place.
 G = Mean time per level.
                   A        B        C        D        E       F      G
               +--------+--------+--------+--------+--------+-----+--------+
         Total |   8861 |   8596 |    265 |   4719 |   3015 |   6 | 1476.8 |
       Dungeon |   8737 |   8482 |    255 |   4719 |   2903 |   5 | 1747.4 |
        Temple |    123 |    113 |     10 |      0 |    112 |   1 |  123.0 |
               +--------+--------+--------+--------+--------+-----+--------+

Top non-repeatable levels by time:
     D:2: 2432 daAuts
     D:3: 2202 daAuts
     D:4: 1620 daAuts
     D:1: 1443 daAuts
     D:5: 1039 daAuts
  Temple: 123 daAuts
